 Dungeon Crawl Stone Soup version 0.28.0-53-g5a82cb258f (webtiles) character file.

Game seed: 5487047235579444400

37 Descartes the Covert (level 3, -1/19 HPs)
             Began as a Spriggan Delver on July 5, 2022.
             Slain by a centaur (5 damage)
             ... on level 4 of the Dungeon.
             The game lasted 00:01:14 (462 turns).

Descartes the Covert (Spriggan Delver)               Turns: 462, Time: 00:01:15

Health: -1/19      AC:  2    Str: 10    XL:     3   Next: 23%
Magic:  4/4        EV: 18    Int: 11    God:
Gold:   21         SH:  0    Dex: 16    Spells: 2/2 levels left

rFire   . . .      SeeInvis +   a - +0 short sword
rCold   . . .      Faith    .   (no shield)
rNeg    . . .      Spirit   .   b - +0 robe
rPois   .          Reflect  .   (helmet restricted)
rElec   .          Harm     .   (no cloak)
rCorr   .          Rampage  .   (gloves unavailable)
Will    .....                   (boots unavailable)
Stlth   ++++......              (no amulet)
HPRegen 0.06/turn               (no ring)
MPRegen 0.09/turn               (no ring)

@: very quick
A: very small, no large weapons, unfitting armour, see invisible, speed 3
a: no special abilities


You were on level 4 of the Dungeon.
You visited 1 branch of the dungeon, and saw 2 of its levels.

You collected 21 gold pieces.

Inventory:

Hand Weapons
 a - a +0 short sword (weapon)
Armour
 b - a +0 robe (worn)
Wands
 g - a wand of digging (1)
Scrolls
 c - a scroll of fog
 d - a scroll of magic mapping
 e - a scroll of fear
 i - a scroll of identify {unknown}
Potions
 f - a potion of haste
 h - a potion of ambrosia {unknown}


   Skills:
 - Level 2.4 Fighting
 + Level 2.7 Short Blades
 + Level 3.4 Dodging
 * Level 8.1 Stealth


You had 2 spell levels left.
You didn't know any spells.
Your spell library contained the following spells:

 Spells                   Type           Power      Damage    Failure   Level
 Blink                    Tloc           0%         N/A       47%         2
 Manifold Assault         Tloc           0%         N/A       100%        5
 Storm Form               Tmut/Air       0%         N/A       100%        7


Dungeon Overview and Level Annotations

Branches:
Dungeon (5/15)
 Temple: D:4-7

Altars:
Kikubaaqudgha

Shops:
D:5 *

Annotations:
D:5 Dowan, Duvessa


Innate Abilities, Weirdness & Mutations

You are very small and have problems with some larger weapons.
You are too small for most types of armour.
You have supernaturally acute eyesight. (SInv)
You cover ground extremely quickly. (Speed+++)


Message History

Found a stone staircase leading down.
There is a stone staircase leading down here.
A centaur comes into view.
The centaur shouts!
The centaur wields a +0 shortbow.
The centaur shoots an arrow.
The arrow closely misses you.
The centaur unwields a +0 shortbow.
The centaur hits you. The centaur misses you.
You hit the centaur.
The centaur is moderately wounded.
The centaur closely misses you. x2
You barely miss the centaur.
The centaur is moderately wounded.
The centaur misses you.
The centaur kicks you but does no damage.
The centaur hits you. The centaur closely misses you.
You barely miss the centaur.
The centaur is moderately wounded.
The centaur closely misses you.
The centaur kicks you but does no damage.
You hit the centaur but do no damage.
The centaur is moderately wounded.
The centaur closely misses you. The centaur kicks you. The centaur misses you.
The centaur kicks you.
You hit the centaur.
The centaur is moderately wounded.
The centaur closely misses you. The centaur kicks you.
You barely miss the centaur.
The centaur is moderately wounded.
The centaur hits you.
* * * LOW HITPOINT WARNING * * *
The centaur barely misses you. The centaur misses you.
The centaur closely misses you.
You hit the centaur.
The centaur is moderately wounded.
The centaur closely misses you. The centaur completely misses you.
You hit the centaur but do no damage.
The centaur is moderately wounded.
The centaur hits you.
You die...

#....#
####.# #.#
#.# #.# #.#
#.#
########.#
#....c@..#
...########


You could see a centaur.

Vanquished Creatures
  An iguana (D:5)
  A hound skeleton (D:5)
2 creatures vanquished.

Notes
Turn   | Place    | Note
-------+----------+-------------------------------------------
     0 | D:5      | Descartes the Spriggan Delver began the quest for the Orb.
     0 | D:5      | Reached XP level 1. HP: 11/11 MP: 2/2
     9 | D:5      | Noticed an iguana
    13 | D:5      | Killed an iguana
    14 | D:5      | Reached XP level 2. HP: 16/16 MP: 3/3
    31 | D:5      | Reached skill level 8 in Stealth
    31 | D:5      | Reached XP level 3. HP: 19/19 MP: 4/4
    80 | D:5      | Noticed Dowan
    82 | D:5      | Noticed Duvessa
    84 | D:5      | Noticed a centaur
   371 | D:4      | Found an ancient bone altar of Kikubaaqudgha.
   452 | D:4      | Noticed a centaur
   462 | D:4      | Slain by a centaur

Illustrated notes

Levels and vault maps discovered:
D:4:      layout_loops_ring, nicolae_tso_besieged_by_evil,
          nicolae_overflow_hidden_temple, ebering_ghost_rock_garden,
          uniq_menkaure
D:5:      layout_loops_ring, grunt_temple_overflow_gold_and_silver,
          mainiacjoe_overflow_catwalk, gammafunk_temple_overflow_statue,
          nicolae_stop_n_shop_1, uniq_duvessa, uniq_sigmund,
          uniq_crazy_yiuf_cottage

Skill      XL: |  1  2 |
---------------+-------+-----
Dodging        | 3 |  3.4
Stealth        | 8 |  8.1
Fighting       | |  2.4
Short Blades   | |  2.7

Action                   || total
-------------------------++-------
Melee: Short sword       ||    10
Evoke: Wand              ||     2
 Stab: Sleeping          ||     2
Armor: Robe              ||     2
Dodge: Dodged            ||    16
